 Dungeon Crawl Stone Soup version 0.23.0 (webtiles) character file.

Game seed: 17463294150112779852

180 grindst0ne the Skirmisher (level 5, -1/42 HPs)
             Began as a Mummy Gladiator on Feb 14, 2019.
             Slain by an orc
             ... wielding a cursed -2 war axe
              (2 damage)
             ... while paralysed by Ijyb
             ... on level 3 of the Dungeon.
             The game lasted 00:03:26 (2271 turns).

grindst0ne the Skirmisher (Mummy Gladiator)         Turns: 2271, Time: 00:03:27

Health: -1/42      AC: 11    Str: 18    XL:     5   Next: 33%
Magic:  5/5        EV:  2    Int:  8    God:
Gold:   110        SH:  0    Dex: 13    Spells: 4/4 levels left

rFire    x . .     SeeInvis .   a - +0 war axe
rCold    + . .     Gourm    .   (no shield)
rNeg     + + +     Faith    .   e - +0 plate armour
rPois    ∞         Spirit   .   c - +0 helmet
rElec    .         Reflect  .   (no cloak)
rCorr    .         Harm     .   (no gloves)
MR       .....                  (no boots)
Stlth    ..........             (no amulet)
HPRegen  0.14/turn              (no ring)
MPRegen  0.09/turn              (no ring)

@: paralysed
A: no food or potions, fire vulnerability, cold resistance 1, negative energy
resistance 3, torment resistance, unbreathing
a: no special abilities


You were on level 3 of the Dungeon.
You were not hungry.

You visited 1 branch of the dungeon, and saw 4 of its levels.

You collected 110 gold pieces.

Inventory:

Hand Weapons
 a - a +0 war axe (weapon)
Missiles
 d - 3 throwing nets (quivered)
Armour
 b - a +0 leather armour
 c - a +0 helmet (worn)
 e - a +0 plate armour (worn)
 k - a +0 buckler
Jewellery
 j - an uncursed ring of positive energy {unknown}
Wands
 m - a wand of polymorph (5)
Scrolls
 f - a scroll of fear {unknown}
 g - a scroll of remove curse {unknown}
 h - 3 scrolls of immolation {unknown}
 i - 2 scrolls of identify {unknown}
 l - a scroll of fog {unknown}


   Skills:
 + Level 4.2 Fighting
 + Level 3.9 Axes
 - Level 1.5 Throwing
 - Level 2.4 Dodging


You had 4 spell levels left.
You didn't know any spells.
Your spell library was empty.

Dungeon Overview and Level Annotations

Branches:
Dungeon (4/15)             Temple (0/1) D:4

Altars:

Annotations:
D:3 Ijyb


Innate Abilities, Weirdness & Mutations

You do not eat or drink.
Your flesh is vulnerable to fire.
You are immune to poison.
Your flesh is cold resistant. (rC+)
You are immune to negative energy. (rN+++)
You are immune to unholy pain and torment.
You can survive without breathing.


Message History

You can move again.
There is a stone staircase leading up here.
Okay, then.
Ijyb hits you but does no damage. The hound bites you but does no damage.
The orc barely misses you.
You climb upwards.
There is a stone staircase leading down here.
The hound bites you but does no damage.
Ijyb zaps a wand.
You suddenly lose the ability to move!
The hound bites you but does no damage. The hound bites you.
* * * LOW HITPOINT WARNING * * *
The hound completely misses you.
The orc hits you with a cursed -2 war axe.
* * * LOW HITPOINT WARNING * * *
The hound bites you.
* * * LOW HITPOINT WARNING * * *
The hound bites you but does no damage. The orc hits you but does no damage.
The hound bites you but does no damage.
The orc hits you with a cursed -2 war axe.
You die...

#.# ##.# ###..##...# #..## #.#
#.#### ##..#...# #.... #.##
#....####..##.## ##..#.
###..######..........######.....
#.....#########..#..........##..
####........# #.##.#.....######.
#.######.###.##.....#.)......
#.# #..##.##.....##.†.†... #.#
##.##@##.#...##.###### #.#
####.#ho#............... #.#
#......g...#...######### #.#
#........#.#...#
#.####........#.#...#
###.............#.#...#
#...####..........#####
#...####.........##
###....#..........#####


You could see Ijyb, a hound and an orc.

Vanquished Creatures
  An orc wizard (D:3)
  Robin (D:3)
  4 adders
  A worm (D:2)
  A dart slug (D:1)
  3 leopard geckos
  5 orcs (D:3)
  11 giant cockroaches
  16 goblins
  6 hobgoblins
  8 jackals
  9 kobolds
  4 quokkas
  6 bats
  2 frilled lizards
  6 rats
84 creatures vanquished.

Notes
Turn   | Place    | Note
-------+----------+-------------------------------------------
     0 | D:1      | grindst0ne the Mummy Gladiator began the quest for the Orb.
     0 | D:1      | Reached XP level 1. HP: 16/16 MP: 1/1
   212 | D:1      | Reached XP level 2. HP: 23/23 MP: 2/2
   509 | D:2      | Reached XP level 3. HP: 24/28 MP: 3/3
   541 | D:2      | Reached skill level 3 in Fighting
  1199 | D:2      | Reached XP level 4. HP: 28/35 MP: 4/4
  1678 | D:3      | Reached XP level 5. HP: 26/42 MP: 5/5
  1872 | D:3      | Reached skill level 4 in Fighting
  1883 | D:3      | Noticed Robin
  1902 | D:3      | Killed Robin
  2236 | D:4      | Found a staircase to the Ecumenical Temple.
  2246 | D:4      | Noticed Ijyb
  2259 | D:4      | Paralysed by Ijyb for 6 turns
  2267 | D:3      | Paralysed by Ijyb for 6 turns
  2268 | D:3      | HP: 2/42 [hound (2)]
  2271 | D:3      | Slain by an orc

Skill      XL: |  1  2  3  4  5 |
---------------+----------------+-----
Axes           | 3 |  3.9
Fighting       | 3 4 |  4.2
Throwing       | |  1.5
Dodging        | |  2.4

Action                   |  1- 3 |  4- 6 || total
-------------------------+-------+-------++-------
Melee: War axe           |   121 |   113 ||   234
 Stab: Sleeping          |     2 |       ||     2
Armor: Leather armour    |    25 |       ||    25
       Plate armour      |    61 |   137 ||   198
Dodge: Dodged            |    68 |    53 ||   121
